 Dungeon Crawl Stone Soup version 0.24-a0-201-gf205589 (webtiles) character file.

Game seed: 7871801989356288016

117 Espgualade the Chiller (level 5, -15/28 HPs)
             Began as a Tengu Ice Elementalist on Mar 24, 2019.
             Was an Initiate of Vehumet.
             Demolished by an ogre
             ... wielding a +0 giant club
              (27 damage)
             ... on level 4 of the Dungeon.
             The game lasted 00:08:36 (2660 turns).

Espgualade the Chiller (Tengu Ice Elementalist)     Turns: 2660, Time: 00:08:37

Health: -15/28     AC:  4    Str:  9    XL:     5   Next: 1%
Magic:  0/9        EV: 15    Int: 21    God:    Vehumet [......]
Gold:   61         SH:  0    Dex: 14    Spells: 2/8 levels left

rFire    . . .     SeeInvis .   l - +0 hand axe (vamp)
rCold    . . .     Gourm    .   (no shield)
rNeg     . . .     Faith    .   a - +0 robe
rPois    .         Spirit   .   (helmet restricted)
rElec    .         Reflect  .   (no cloak)
rCorr    .         Harm     .   i - +1 pair of gloves
MR       .....                  (boots unavailable)
Stlth    ++........             (no amulet)
HPRegen  0.09/turn              (no ring)
MPRegen  0.11/turn              (no ring)

@: brilliant, flying quickly and evasively, quick
A: beak, talons 3, able to fly
a: Stop Flying, Renounce Religion


You were on level 4 of the Dungeon.
You worshipped Vehumet.
Vehumet was noncommittal.
You were very hungry.

You visited 1 branch of the dungeon, and saw 4 of its levels.

You collected 61 gold pieces.

Inventory:

Hand Weapons
 l - a +0 vampiric hand axe (weapon)
Armour
 a - a +0 robe (worn)
 i - a +1 pair of gloves (worn)
Wands
 b - a wand of iceblast (6)
Scrolls
 d - 3 scrolls of remove curse
 j - a scroll of teleportation
Potions
 h - a potion of brilliance
Comestibles
 c - 2 rations


   Skills:
 + Level 2.3 Dodging
 - Level 2.0 Stealth
 - Level 2.0 Spellcasting
 - Level 1.3 Conjurations
 - Level 5.0 Ice Magic


You had 2 spell levels left.
You knew the following spells:

 Your Spells              Type           Power        Failure   Level  Hunger
a - Freeze                Ice            ####         1%          1    #......
b - Throw Frost           Conj/Ice       ####..       1%          2    ##.....
c - Ozocubu's Armour      Chrm/Ice       ####....     1%          3    ###....

Your spell library contained the following spells:

 Spells                   Type           Power        Failure   Level  Hunger
 Animate Skeleton         Necr           N/A          1%          1    #......
 Pain                     Necr           ##..         1%          1    #......
 Throw Icicle             Conj/Ice       ####....     4%          4    #####..
 Regeneration             Chrm/Necr      ##........   5%          3    ###....
 Vampiric Draining        Necr           ##........   5%          3    ###....
 Summon Ice Beast         Ice/Summ       ####....     6%          4    #####..
 Animate Dead             Necr           N/A          16%         4    #####..


Dungeon Overview and Level Annotations

Branches:
Dungeon (4/15)
 Temple: D:4-7

Altars:
Makhleb
Trog
Vehumet
The Shining One

Annotations:
D:3 Grinder


Innate Abilities, Weirdness & Mutations

You have a beak for a mouth.
You have claws for feet.
You can fly continuously.


Message History

The puff of frost hits the ogre.
The ogre is lightly wounded.
Your magical contamination has completely faded away.
Casting: Throw Frost (safe; 1% risk of failure)
Confirm with . or Enter, or press ? or * to list all spells.
You don't have enough magic to cast that spell.
Unknown command.
You hit the ogre but do no damage.
The ogre is lightly wounded.
The ogre completely misses you.
Casting: Throw Frost (safe; 1% risk of failure)
Confirm with . or Enter, or press ? or * to list all spells.
Aiming: Freeze (safe; 1% risk of failure)
Press: ? - help, Shift-Dir - straight line, f/p - ogre
Aim: an ogre, wielding a +0 giant club (lightly wounded)
You freeze the ogre.
The ogre is moderately wounded.
The ogre hits you with a +0 giant club!!
Ouch! That really hurt!
You die...

...... ..... ....
.... ##### #..# ...#
#
#....###..###...##.#
....$..[...#.......(
...........#........
...!.......#........
......O@...'........
####+#######.#######
####.##.####
#...........
#...........
#..<........
#...........
#...........
##...###..##


You could see an ogre.

Vanquished Creatures
  An orc wizard (D:3)
  Robin (D:3)
  A gnoll (D:1)
  A dart slug (D:2)
  5 orcs (D:3)
  2 ball pythons
  6 giant cockroaches
  13 goblins
  7 hobgoblins
  A quokka (D:2)
  4 bats
  4 frilled lizards
  6 kobolds
  4 rats
56 creatures vanquished.

Notes
Turn   | Place    | Note
-------+----------+-------------------------------------------
     0 | D:1      | Espgualade the Tengu Ice Elementalist began the quest for
                  | the Orb.
     0 | D:1      | Reached XP level 1. HP: 10/10 MP: 4/4
   246 | D:1      | Reached skill level 3 in Ice Magic
   323 | D:1      | Reached XP level 2. HP: 13/15 MP: 3/6
   445 | D:1      | Reached XP level 3. HP: 11/19 MP: 1/7
  1133 | D:2      | Found a faded altar of an unknown god.
  1431 | D:2      | Reached skill level 4 in Ice Magic
  1599 | D:2      | Learned a level 2 spell: Throw Frost
  1603 | D:2      | Learned a level 3 spell: Ozocubu's Armour
  1617 | D:3      | Found a burning altar of Makhleb.
  1715 | D:3      | Reached XP level 4. HP: 18/24 MP: 0/8
  1894 | D:3      | Noticed Robin
  1924 | D:3      | Killed Robin
  1924 | D:3      | Reached skill level 5 in Ice Magic
  2021 | D:3      | Noticed Grinder
  2023 | D:3      | Paralysed by Grinder for 5 turns
  2038 | D:3      | HP: 1/24 [Grinder/nerve-wracking pain (6)]
  2395 | D:3      | Gained mutation: You can fly continuously. [Tengu growth]
  2395 | D:3      | Reached XP level 5. HP: 24/28 MP: 9/9
  2520 | D:3      | Found a radiant altar of Vehumet.
  2520 | D:3      | Found a bloodstained altar of Trog.
  2524 | D:3      | Became a worshipper of Vehumet
  2553 | D:3      | Found a glowing golden altar of the Shining One.
  2654 | D:4      | Noticed an ogre
  2660 | D:4      | Demolished by an ogre

Levels and vault maps discovered:
D:1:      onia_arrival_larder, layout_loops_ring, minmay_cupped
D:2:      layout_basic, chequers_ecumenical_altar_simple_redux, first_ration
D:3:      layout_basic, demons_altar, nicolae_tso_swordbearing_angel,
          gammafunk_temple_overflow_wave, uniq_robin, uniq_grinder
D:4:      layout_gridville, gammafunk_ghost_nasty_kobolds

Skill      XL: |  1  2  3  4 |
---------------+-------------+-----
Ice Magic      | 3 4 5 |  5.0
Dodging        | |  2.3
Stealth        | |  2.0
Spellcasting   | |  2.0
Conjurations   | |  1.3

Action                   |  1- 3 |  4- 6 || total
-------------------------+-------+-------++-------
Melee: Unarmed           |    24 |       ||    24
       Kick              |    10 |     5 ||    15
       Peck              |    10 |     4 ||    14
       Hand axe          |    31 |    46 ||    77
 Cast: Freeze            |    28 |    16 ||    44
       Throw Frost       |     2 |     3 ||     5
       Ozocubu's Armour  |       |     1 ||     1
 Abil: Fly               |       |     1 ||     1
  Use: Scroll            |     6 |     2 ||     8
       Potion            |       |     7 ||     7
 Stab: Sleeping          |     7 |       ||     7
       Distracted        |       |     1 ||     1
  Eat: Chunk             |     2 |     1 ||     3
       Ration            |       |     2 ||     2
Armor: Robe              |    11 |    20 ||    31
Dodge: Dodged            |    47 |    50 ||    97

Table legend:
 A = Non-vault XP
 B = Vault XP
 C = Vault XP percentage of total XP
 D = Non-vault monster count
 E = Vault monster count
 F = Vault count percentage of total count
                 A         B        C        D         E       F
            +---------+---------+-------+---------+---------+-------
      Total |     116 |      52 |  31.0 |      35 |      21 |  37.5
            +---------+---------+-------+---------+---------+-------
        D:1 |      31 |      13 |  29.5 |      13 |       8 |  38.1
        D:2 |      11 |       0 |   0.0 |       5 |       0 |   0.0
        D:3 |      74 |      39 |  34.5 |      17 |      13 |  43.3
            +---------+---------+-------+---------+---------+-------
